 Dungeon Crawl Stone Soup version 0.32-a0-17-gb74e046682 (webtiles) character file.

Game seed: 8698433386407545238

19 mopl the Caller (level 2, -2/15 HPs)
             Began as a Tengu Summoner on Jan 15, 2024.
             Slain by an adder (3 damage)
             ... on level 2 of the Dungeon.
             The game lasted 00:00:40 (721 turns).

mopl the Caller (Tengu Summoner)                     Turns: 721, Time: 00:00:41

Health: -2/15      AC:  2    Str:  8    XL:     2   Next: 75%
Magic:  6/6        EV: 12    Int: 15    God:
Gold:   36         SH:  0    Dex: 14    Spells: 5/6 levels left

rFire   . . .        (no weapon)
rCold   . . .        (no shield)
rNeg    . . .        a - +0 robe
rPois   .            (helmet restricted)
rElec   .            (no cloak)
rCorr   .            (no gloves)
SInv    +            (boots unavailable)
Will    .....        c - amulet of regeneration
Stlth   ++           j - ring of see invisible
HPRegen 1.02/turn    (no ring)
MPRegen 0.10/turn

%: acrobat
@: lethally poisoned (-2 -> -3)
A: beak, talons 3, acrobatic
a: no special abilities


You were on level 2 of the Dungeon.
You visited 1 branch of the dungeon, and saw 2 of its levels.

You collected 36 gold pieces.

Inventory:

Armour
 a - a +0 robe (worn)
Jewellery
 c - an amulet of regeneration (around neck)
 j - a ring of see invisible (left hand)
Scrolls
 d - a scroll of identify {unknown}
 e - a scroll of noise {unknown}
 f - a scroll of teleportation {unknown}
 h - a scroll of amnesia {unknown}
 i - a scroll of enchant armour {unknown}
 k - a scroll of fear {unknown}
 l - a scroll of vulnerability {unknown}
Potions
 b - 2 potions of magic
 g - a potion of berserk rage {unknown}


   Skills:
 - Level 2.1 Dodging
 - Level 2.0 Stealth
 + Level 2.5 Spellcasting
 + Level 5.3 Summonings


You had 5 spell levels left.
You knew the following spells:

 Your Spells              Type           Power      Damage    Failure   Level
a - Summon Small Mammal   Summ           68%        N/A       2%          1

Your spell library contained the following spells:

 Spells                   Type           Power      Damage    Failure   Level
 Call Imp                 Summ           34%        N/A       3%          2
 Call Canine Familiar     Summ           17%        N/A       7%          3
 Summon Blazeheart Golem  Fire/Summ      9%         N/A       56%         4
 Summon Lightning Spire   Summ/Air       9%         N/A       56%         4


Dungeon Overview and Level Annotations

Branches:
Dungeon (2/15)

Altars:


Innate Abilities, Weirdness & Mutations

You have a beak for a mouth.
You have claws for feet.
You can magically evade attacks while moving or waiting.


Message History

You hit the adder but do no damage.
The adder is heavily wounded.
The adder barely misses you.
You hit the adder. Your kick misses the adder.
The adder is heavily wounded.
The adder bites you.
You are poisoned.
The adder poisons you! The adder bites you.
You are more poisoned.
The adder poisons you!
You miss the adder.
The adder is heavily wounded.
You feel very sick. The adder completely misses you.
Unknown command.
You barely miss the adder. Your kick misses the adder.
The adder is heavily wounded.
You feel sick. The adder closely misses you.
Unknown command.
You miss the adder. Your kick misses the adder. Your peck misses the adder.
The adder is heavily wounded.
You feel sick. The adder closely misses you. The adder misses you.
You miss the adder.
The adder is heavily wounded.
You feel sick. The adder misses you.
Unknown command.
You hit the adder but do no damage.
The adder is heavily wounded.
You feel sick. The adder barely misses you.
You barely miss the adder.
The adder is heavily wounded.
You feel sick. The adder bites you.
* * * LOW HITPOINT WARNING * * *
You are lethally poisoned!
The adder poisons you! The adder barely misses you.
You barely miss the adder. Your peck misses the adder.
The adder is heavily wounded.
* * * LOW HITPOINT WARNING * * *
You feel sick. The adder bites you.
You die...

..# ..+ ..# #. #.#
#.# ###+# #.##
#####.## .....##..
......####
.~$$...S#
#(......#
.$_~...@#
#.......#
.~~$..#.#
#.......# .....
#.######.......#
.#..
#......'.......#
#.
########.......# #
...............###
......†........'..
...............###
#............###


You could see an adder.

Vanquished Creatures
  A giant cockroach (D:1)
  3 goblins (D:1)
  3 hobgoblins (D:1)
  A kobold (D:1)
  4 quokkas
  2 ball pythons (D:1)
  A bat (D:1)
  A rat (D:2)
16 creatures vanquished.

Notes
Turn   | Place    | Note
-------+----------+-------------------------------------------
     0 | D:1      | mopl the Tengu Summoner began the quest for the Orb.
     0 | D:1      | Reached XP level 1. HP: 10/10 MP: 4/4
   118 | D:1      | Reached skill level 5 in Summonings
   172 | D:1      | Reached XP level 2. HP: 15/15 MP: 6/6
   708 | D:2      | Found a faded altar of an unknown god.
   721 | D:2      | Slain by an adder

Illustrated notes

Levels and vault maps discovered:
D:1:      orjb1_lava_funnel, layout_loops_ring
D:2:      layout_basic, hellmonk_ecumenical_altar_pennies_from_heaven,
          serial_rivers, chequers_serial_rivers_micro_e,
          chequers_serial_rivers_micro_b, chequers_serial_rivers_room_a,
          chequers_serial_rivers_micro_d, chequers_serial_rivers_room_b,
          basic_altar, uniq_natasha, uniq_jessica

Skill      XL: |  1 |
---------------+----+-----
Summonings     | 5 |  5.3
Dodging        | |  2.1
Stealth        | |  2.0
Spellcasting   | |  2.5

Action                     || total
---------------------------++-------
  Melee: Unarmed           ||    92
         Kick              ||    22
         Peck              ||    15
 Armour: Robe              ||    46
  Dodge: Dodged            ||    65

Table legend: (Time is in decaauts)
 A = Elapsed time spent in this place.
 B = Non-inter-level travel time spent in this place.
 C = Inter-level travel time spent in this place.
 D = Time resting spent in this place.
 E = Time spent auto-exploring this place.
 F = Levels seen in this place.
 G = Mean time per level.
                   A        B        C        D        E       F      G
               +--------+--------+--------+--------+--------+-----+--------+
         Total |    720 |    712 |      8 |      0 |    556 |   2 |  360.0 |
       Dungeon |    720 |    712 |      8 |      0 |    556 |   2 |  360.0 |
               +--------+--------+--------+--------+--------+-----+--------+

Top non-repeatable levels by time:
     D:1: 595 daAuts
     D:2: 124 daAuts
